 Dungeon Crawl Stone Soup version 0.23-b1-13-gf37ab262a9 (webtiles) character file.

Game seed: 9804290087867410279

194162 Morbidden the Peltast (level 17, 0/131 HPs)
             Began as a Demonspawn Fighter on Feb 2, 2019.
             Was the Champion of Cheibriados.
             Killed from afar by Nikola (13 damage)
             ... with a chain lightning
             ... on level 3 of the Snake Pit on Feb 3, 2019.
             The game lasted 01:30:07 (28521 turns).

Morbidden the Peltast (Demonspawn Fighter)         Turns: 28521, Time: 01:30:07

Health: 0/131      AC: 30    Str: 44    XL:     17   Next: 66%
Magic:  24/24      EV: 15    Int: 33    God:    Cheibriados [******]
Gold:   2555       SH: 41    Dex: 30    Spells: 25/25 levels left

rFire    + . .     SeeInvis +   s - +3 eveningstar (crush)
rCold    + . .     Gourm    .   O - +4 large shield {reflect}
rNeg     . . .     Faith    .   l - +0 crystal plate armour "Puoff" {+Fly SInv}
rPois    +         Spirit   .   E - +2 hat {SInv}
rElec    .         Reflect  +   e - +0 cloak
rCorr    .         Harm     .   V - +0 pair of gloves "Jyowores" {rF+ Str+3 Int+4} (curse)
MR       +....                  (no boots)
Stlth    ..........             k - +4 amulet of reflection
HPRegen  0.31/turn              x - ring of protection from cold
MPRegen  0.19/turn              B - ring "Inyus" {*Drain +Blink rPois AC+4 Str+4}

@: mighty, very slow
A: hooves 2, large bone plates 2, powered by death 3, powered by pain 2
}: 1/15 runes: decaying
a: Bend Time, Temporal Distortion, Slouch, Step From Time, Renounce Religion,
Evoke Blink, Evoke Flight


You were on level 3 of the Snake Pit.
You worshipped Cheibriados.
Cheibriados was exalted by your worship.
You were hungry.

You visited 6 branches of the dungeon, and saw 31 of its levels.
You also visited: Ossuary, Gauntlet and Ice Cave.

You collected 3309 gold pieces.
You spent 754 gold pieces at shops.

Inventory:

Hand Weapons
 a - a +4 eveningstar of protection
 b - a +4 dagger of venom
 s - a +3 eveningstar of crushing (weapon)
 G - a +1 scimitar of flaming
Missiles
 n - 39 javelins (quivered)
 H - a throwing net
Armour
 e - a +0 cloak (worn)
 h - a +1 crystal plate armour
 l - the +0 crystal plate armour "Puoff" (worn) {+Fly SInv}
   (You acquired it on level 5 of the Lair of Beasts)

   It lets you see invisible.
   It lets you fly.
 p - the +3 robe "Bahowikk" {MR+}
   (You found it on level 7 of the Dungeon)

   It affects your resistance to hostile enchantments.
 E - a +2 hat of see invisible (worn)
 O - a +4 large shield of reflection (worn)
 V - the cursed +0 pair of gloves "Jyowores" (worn) {rF+ Str+3 Int+4}
   (You found it in an ice cave)

   It affects your strength (+3).
   It affects your intelligence (+4).
   It protects you from fire.
   It has a curse placed upon it.
Jewellery
 k - a +4 amulet of reflection (around neck)
 o - an uncursed ring of magical power
 x - a ring of protection from cold (left hand)
 B - the ring "Inyus" (right hand) {*Drain +Blink rPois AC+4 Str+4}
   (You found it on level 6 of the Dungeon)

   [ring of protection]

   It affects your AC (+4).
   It affects your strength (+4).
   It protects you from poison.
   It lets you blink.
   It causes draining when unequipped.
 J - an uncursed ring of fire
Wands
 c - a wand of scattershot (10)
 y - a wand of polymorph (10)
 z - a wand of paralysis (11)
 C - a wand of enslavement (9)
 K - a wand of iceblast (12)
 N - a wand of flame (50)
 S - a wand of digging (4)
 T - a wand of disintegration (11)
Scrolls
 g - 7 scrolls of identify
 i - 15 scrolls of remove curse
 j - 3 scrolls of fear
 t - 5 scrolls of fog
 v - 12 scrolls of teleportation
 A - 2 scrolls of enchant weapon
 F - 4 scrolls of magic mapping
 I - a scroll of summoning
 R - a scroll of blinking
Potions
 d - 9 potions of might
 q - a potion of mutation {unknown}
 r - 4 potions of flight
 u - a potion of agility
 w - 6 potions of heal wounds
 D - 3 potions of cancellation
 L - 6 potions of brilliance
 M - 2 potions of resistance
 P - a potion of magic
 Q - 5 potions of invisibility
 U - 7 potions of curing
Miscellaneous
 m - 2 phantom mirrors
Comestibles
 f - 60 rations


   Skills:
 * Level 11.1 Fighting
 + Level 7.5(9.5) Short Blades
 + Level 9.1(10.2) Long Blades
 + Level 10.5 Maces & Flails
 + Level 0.7 Throwing
 * Level 11.7 Armour
 * Level 9.5 Dodging
 + Level 3.2 Stealth
 * Level 16.4 Shields
 * Level 4.8 Spellcasting
 + Level 10.1 Invocations
 + Level 1.0 Evocations


You had 25 spell levels left.
You didn't know any spells.
Your spell library contained the following spells:

 Spells                   Type           Power        Failure   Level  Hunger
 Animate Skeleton         Necr           N/A          77%         1    None
 Apportation              Tloc           #.....       77%         1    None
 Beastly Appendage        Tmut           #.....       77%         1    None
 Confusing Touch          Hex            #.....       77%         1    None
 Corona                   Hex            #......      77%         1    None
 Flame Tongue             Conj/Fire      #....        77%         1    None
 Summon Small Mammal      Summ           #...         77%         1    None
 Call Imp                 Summ           #.......     88%         2    None
 Ensorcelled Hibernation  Hex/Ice        #.....       88%         2    None
 Sticks to Snakes         Tmut           #.......     88%         2    None
 Throw Flame              Conj/Fire      #.....       88%         2    None
 Call Canine Familiar     Summ           #.......     98%         3    None
 Confuse                  Hex            #.......     98%         3    None
 Conjure Flame            Conj/Fire      #.......     98%         3    None
 Dazzling Spray           Conj/Hex       #.....       98%         3    None
 Gell's Gravitas          Tloc           #.........   98%         3    None
 Inner Flame              Hex/Fire       #.......     98%         3    None
 Spider Form              Tmut/Pois      #.........   98%         3    None
 Summon Guardian Golem    Hex/Summ       #.......     98%         3    None
 Tukima's Dance           Hex            #.......     98%         3    None
 Ice Form                 Ice/Tmut       #.......     100%        4    ###....
 Petrify                  Tmut/Erth      #.......     100%        4    ###....
 Sticky Flame             Conj/Fire      #.......     100%        4    ###....
 Summon Ice Beast         Ice/Summ       #.......     100%        4    ###....
 Summon Lightning Spire   Summ/Air       #.......     100%        4    ###....
 Blade Hands              Tmut           #.........   100%        5    #####..
 Bolt of Magma            Conj/Fire/Erth #.........   100%        5    #####..
 Fireball                 Conj/Fire      #.........   100%        5    #####..
 Iskenderun's Battlesphe  Conj/Chrm      #.......     100%        5    #####..
 Metabolic Englaciation   Hex/Ice        #.........   100%        5    #####..
 Venom Bolt               Conj/Pois      #.........   100%        5    #####..
 Yara's Violent Unravell  Hex/Tmut       #.........   100%        5    #####..
 Iron Shot                Conj/Erth      #.........   100%        6    ######.
 Orb of Destruction       Conj           #.........   100%        7    #######
 Spellforged Servitor     Conj/Summ      #.........   100%        7    #######


Dungeon Overview and Level Annotations

Branches:
Dungeon (15/15)            Temple (1/1) D:4            Lair (6/6) D:11
  Swamp (4/4) Lair:2        Snake (3/4) Lair:2        Slime (0/5) Lair:5
    Orc (2/2) D:11            Elf (0/3) Orc:2        Vaults (0/5) D:13
 Depths (0/5) D:15

Altars:
Cheibriados
Gozag
Hepliaklqana
Makhleb
Nemelex Xobeh
Okawaru
Qazlal
Ru
Sif Muna
Trog
Uskayaw
Vehumet
Wu Jian
Beogh
Jiyva

Shops:
D:15 ?   Orc:2 =!(:   Snake:1 =(   Snake:2 [

Annotations:
D:4 3 runed translucent doors, Flure's ghost, amateur OpEE; guttsta's ghost, amateur HONe
D:11 2 runed translucent doors
Lair:5 exclusion: 4 oklob plants
Snake:3 Nikola


Innate Abilities, Weirdness & Mutations

You have hoof-like feet.
You are mostly covered in large bone plates. (SH +6)
You regenerate a lot of health from kills.
You sometimes gain power by taking damage.


Message History

Aim: Nikola, wielding a +1 rapier of electrocution, wearing a +2 cloak of poison resistance and wearing a +0 pair of gloves (chance to defeat MR: 0%)
Okay, then.
Nikola gestures wildly while chanting.
You hear a mighty clap of thunder!
The lightning arc hits you!
The lightning arc hits Nikola!
The lightning arc hits you!!
The lightning arc hits Nikola.
The lightning arc hits you!!
The lightning arc hits Nikola.
You hear a shout! x13
Nikola mumbles some strange words.
You hear a mighty clap of thunder!
The lightning arc hits you!!
* * * LOW HITPOINT WARNING * * *
You focus on the pain.
You feel very mighty all of a sudden.
The lightning arc hits Nikola.
The lightning arc hits you!!
* * * LOW HITPOINT WARNING * * *
You focus on the pain.
You feel mightier all of a sudden.
The lightning arc hits Nikola!
The lightning arc hits you!
You die...

.#.. ####.#.##
....... ....#
##...#
#.<..#####
#.........
####.........
#....@.......
.......@...#.$#
...........# .#
####.......# #
.........#
..#........
.###.........
...#####.[#


You could see Nikola.

Vanquished Creatures
  Vashnia (Snake:2)
  A tentacled monstrosity (Swamp:2)
  An Ice Fiend (IceCv)
  Gastronok (D:8)
  Kirke (Lair:5)
  3 thorn hunters
  A stone giant (Orc:1)
  Nessos (Lair:5)
  A dire elephant (Lair:6)
  A minotaur (Gauntlet)
  A yaktaur captain (D:11)
  Josephine (Snake:1)
  A naga warrior (Snake:1)
  2 vault guards (D:13)
  3 ice dragons (Swamp:4)
  4 catoblepae
  10 hydras
  3 centaur warriors
  15 alligators
  3 anacondas
  A death knight (D:15)
  A deep troll shaman (Lair:6)
  A queen ant (Gauntlet)
  Erica (D:8)
  10 two-headed ogres
  10 death yaks
  A tengu warrior (D:11)
  An ogre mage (D:15)
  Urug (Lair:5)
  6 naga sharpshooters (Snake:2)
  6 orc high priests (Orc:2)
  3 shock serpents
  7 spriggans
  2 unseen horrors
  5 skeletal warriors
  3 wizards
  2 swamp dragons (Swamp:4)
  A swamp dragon (shapeshifter) (D:13)
  5 orc knights
  A naga ritualist (Snake:2)
  A wolf spider (D:15)
  2 wolf spider zombies
  9 ugly things
  5 deep elf magi
  A faun (shapeshifter) (D:14)
  4 mana vipers
  4 cyclopes
  5 salamanders
  An orc sorcerer (Orc:2)
  5 manticores
  17 black mambas
  4 centaur zombies
  11 naga magi
  Psyche (D:8)
  A guardian serpent (Snake:1)
  A torpor snail (Lair:4)
  3 gargoyles
  13 elephants
  An ice statue (IceCv)
  18 spiny frogs
  2 rime drakes
  A kobold demonologist (D:11)
  2 komodo dragons
  7 freezing wraiths
  2 efreet
  A yaktaur (D:11)
  3 ice devils (IceCv)
  2 anaconda simulacra (IceCv)
  2 tengu conjurers (D:14)
  3 meliai (Gauntlet)
  A polar bear (Lair:6)
  8 hornets
  9 tyrant leeches
  7 trolls
  6 slime creatures
  11 hippogriffs
  7 bog bodies
  13 blink frogs
  3 shadows
  2 water elementals (D:15)
  4 wyverns
  2 dire elephant simulacra (IceCv)
  6 swamp worm simulacra (Swamp:4)
  5 basilisks
  A fire elemental (Lair:2)
  2 hogs (Lair:5)
  56 yaks
  7 wraiths
  9 humans (D:13)
  5 hungry ghosts
  33 vampire mosquitoes
  3 death yak simulacra (IceCv)
  2 steam dragons
  5 iron troll simulacra (IceCv)
  3 insubstantial wisps (Swamp:2)
  A harpy simulacrum (IceCv)
  16 swamp worms
  4 acid dragons
  18 nagas
  6 soldier ants
  7 wargs
  Duvessa (D:4)
  20 hydra simulacra
  3 porcupines
  12 water moccasins
  5 sky beasts
  29 orc warriors
  3 ice beasts
  An alligator simulacrum (IceCv)
  3 black bears
  7 swamp drakes
  An ettin simulacrum (IceCv)
  2 eyes of draining (D:11)
  A necrophage (D:11)
  11 ogres
  7 wolves (Lair:6)
  11 centaurs
  12 crocodiles
  3 big kobolds
  21 bullfrogs
  3 scorpions
  Dowan (D:4)
  A hornet simulacrum (Gauntlet)
  An elephant simulacrum (IceCv)
  11 killer bees
  3 wights (D:12)
  3 howler monkeys (D:10)
  4 electric eels
  5 crimson imps
  2 bullfrog zombies (D:11)
  2 lava snakes (Lair:2)
  3 draconian simulacra (IceCv)
  5 jellies
  40 orc priests
  24 orc wizards
  2 wyvern simulacra (Gauntlet)
  10 hounds
  9 centaur skeletons
  2 bullfrog skeletons
  A gnoll shaman (D:10)
  5 iguanas
  8 hell rats (Lair:2)
  Natasha (twice) (D:4)
  15 worker ants
  4 troll simulacra (IceCv)
  2 bullfrog simulacra (Gauntlet)
  3 centaur simulacra (IceCv)
  8 mummies (Ossuary)
  2 hound zombies
  3 worker ant zombies
  2 naga simulacra (IceCv)
  16 adders
  9 gnolls
  5 ogre simulacra (IceCv)
  11 river rats (Lair:2)
  4 shadow imps
  4 white imps (IceCv)
  7 ufetubi (IceCv)
  2 oozes
  2 swamp drake simulacra (Swamp:4)
  An adder zombie (D:6)
  4 worms (D:2)
  4 dart slugs
  5 leopard geckos
  90 orcs
  2 ball pythons (D:2)
  8 giant cockroaches
  4 goblins
  8 hobgoblins
  5 jackals
  10 quokkas
  11 bats
  7 frilled lizards
  4 hobgoblin zombies (Ossuary)
  15 kobolds
  A kobold zombie (Ossuary)
  A leopard gecko skeleton (D:5)
  3 orc zombies (Ossuary)
  21 rats
  A plant (Lair:5)
1121 creatures vanquished.

Vanquished Creatures (collateral kills)
  A freezing wraith (IceCv)
  An ice devil (IceCv)
2 creatures vanquished.

Vanquished Creatures (others)
  2 naga sharpshooters (Snake:2)
  A salamander (Snake:1)
  A hippogriff (Lair:5)
  4 humans
  A swamp worm (Swamp:4)
  2 ufetubi (IceCv)
  An orc (D:11)
  4 briar patches (Swamp:4)
  14 fungi
  29 plants
  21 withered plants (Gauntlet)
80 creatures vanquished.

Grand Total: 1203 creatures vanquished

Notes
Turn   | Place    | Note
-------+----------+-------------------------------------------
     0 | D:1      | Morbidden the Demonspawn Fighter began the quest for the
                  | Orb.
     0 | D:1      | Reached XP level 1. HP: 18/18 MP: 1/1
   128 | D:1      | Gained mutation: You sometimes gain a little power by
                  | taking damage. [demonic ancestry]
   128 | D:1      | Reached XP level 2. HP: 22/24 MP: 2/2
   304 | D:1      | Reached skill level 3 in Shields
   593 | D:1      | Reached XP level 3. HP: 27/29 MP: 3/3
  2004 | D:2      | Gained mutation: You have large cloven feet. [demonic
                  | ancestry]
  2004 | D:2      | Reached XP level 4. HP: 26/35 MP: 4/4
  2680 | D:3      | Gained mutation: You regenerate a little health from kills.
                  | [demonic ancestry]
  2680 | D:3      | Reached XP level 5. HP: 33/41 MP: 5/5
  2706 | D:3      | Reached skill level 1 in Dodging
  2821 | D:3      | Found a sparkling altar of Nemelex Xobeh.
  2821 | D:3      | Found an opulent altar of Gozag.
  3112 | D:3      | Found an iron altar of Okawaru.
  3539 | D:4      | Found a staircase to the Ecumenical Temple.
  3619 | D:4      | Noticed Dowan
  3623 | Temple   | Entered the Ecumenical Temple
  3718 | D:4      | Killed Dowan
  3718 | D:4      | Reached XP level 6. HP: 47/47 MP: 6/6
  3718 | D:4      | Noticed Duvessa
  3754 | Temple   | Became a worshipper of Cheibriados the Contemplative
  3787 | D:4      | Noticed Natasha
  3801 | D:4      | Killed Natasha
  3895 | D:4      | Reached skill level 1 in Invocations
  3923 | D:4      | Found a runed translucent gate.
  3923 | D:4      | Found a runed translucent gate.
  3928 | D:4      | Noticed guttsta's ghost (amateur HONe)
  3928 | D:4      | Noticed Flure's ghost (amateur OpEE)
  3929 | D:4      | Found a runed translucent gate.
  3987 | D:4      | Found an ornate altar of the Wu Jian Council.
  4140 | D:4      | Reached skill level 4 in Shields
  4469 | D:4      | Killed Duvessa
  4469 | D:4      | Reached skill level 1 in Short Blades
  4469 | D:4      | Reached XP level 7. HP: 18/53 MP: 6/8
  4614 | D:4      | Noticed Natasha
  4619 | D:4      | Killed Natasha
  4679 | D:4      | Found an ornate altar of the Wu Jian Council.
  4781 | D:5      | Entered Level 5 of the Dungeon
  4823 | D:5      | Found a sand-covered staircase.
  4830 | Ossuary  | Entered an ossuary
  4849 | Ossuary  | Reached * piety under Cheibriados
  5396 | D:5      | Found a deep blue altar of Sif Muna.
  5602 | D:6      | Reached skill level 5 in Long Blades
  5602 | D:6      | Reached XP level 8. HP: 55/60 MP: 11/11
  5730 | D:6      | Found a hazy altar of Hepliaklqana.
  5909 | D:6      | Got a faintly glowing glass ring
  5934 | D:6      | Identified the ring "Inyus" {*Drain +Blink rPois AC+4
                  | Str+4} (You found it on level 6 of the Dungeon)
  6398 | D:7      | Reached ** piety under Cheibriados
  6682 | D:7      | Reached skill level 5 in Invocations
  6737 | D:7      | Noticed a hippogriff
  6746 | D:7      | Killed a hippogriff
  6937 | D:7      | Gained mutation: You regenerate health from kills. [demonic
                  | ancestry]
  6937 | D:7      | Reached XP level 9. HP: 28/66 MP: 13/13
  7040 | D:7      | Reached skill level 1 in Stealth
  7148 | D:7      | Identified the +3 robe "Bahowikk" {MR+} (You found it on
                  | level 7 of the Dungeon)
  7314 | D:8      | Reached skill level 5 in Armour
  7337 | D:8      | Noticed Gastronok
  7344 | D:8      | Found a hide-covered altar of Uskayaw.
  7354 | D:8      | Killed Gastronok
  7354 | D:8      | Reached skill level 5 in Fighting
  7354 | D:8      | Reached skill level 5 in Short Blades
  7354 | D:8      | Reached skill level 5 in Shields
  7385 | D:8      | Noticed Psyche
  7393 | D:8      | Killed Psyche
  7393 | D:8      | Reached XP level 10. HP: 65/74 MP: 15/15
  7410 | D:8      | Noticed Erica
  7431 | D:8      | Killed Erica
  7433 | D:8      | Reached *** piety under Cheibriados
  7474 | D:8      | Found a burning altar of Makhleb.
  7546 | D:8      | Noticed a two-headed ogre
  7551 | D:8      | Killed a two-headed ogre
  7949 | D:8      | Reached **** piety under Cheibriados
  8278 | D:9      | Found a radiant altar of Vehumet.
  8516 | D:10     | Entered Level 10 of the Dungeon
  8731 | D:10     | Noticed a two-headed ogre
  8741 | D:10     | Killed a two-headed ogre
  8741 | D:10     | Reached skill level 6 in Shields
  8741 | D:10     | Gained mutation: You are partially covered in large bone
                  | plates. (SH +4) [demonic ancestry]
  8741 | D:10     | Reached XP level 11. HP: 44/81 MP: 17/17
  9116 | D:10     | Reached ***** piety under Cheibriados
  9116 | D:10     | Reached skill level 5 in Dodging
  9372 | D:10     | Noticed an unseen horror
  9394 | D:10     | Killed an unseen horror
  9514 | D:10     | Noticed a two-headed ogre
  9526 | D:10     | Killed a two-headed ogre
  9800 | D:11     | Reached skill level 7 in Shields
  9824 | D:11     | Noticed a six-headed hydra
  9832 | D:11     | Killed a two-headed hydra
  9895 | D:11     | Noticed a purple ugly thing
  9896 | D:11     | Noticed a death yak
  9897 | D:11     | Noticed a death yak
  9898 | D:11     | Noticed a death yak
  9899 | D:11     | Noticed a death yak
  9901 | D:11     | Noticed a death yak
  9902 | D:11     | Noticed a death yak
  9917 | D:11     | Noticed a seven-headed hydra
  9974 | D:11     | Noticed a wizard
  9982 | D:11     | Killed a wizard
 10010 | D:11     | Reached skill level 8 in Shields
 10038 | D:11     | Found a gate leading to a gauntlet.
 10046 | D:11     | Killed a three-headed hydra
 10061 | Gauntlet | Entered a Gauntlet
 10061 | Gauntlet | Found a transporter.
 10061 | Gauntlet | Found a transporter.
 10066 | Gauntlet | Found a transporter.
 10074 | Gauntlet | Found a transporter.
 10078 | Gauntlet | Found a transporter.
 10091 | Gauntlet | Found a transporter.
 10101 | Gauntlet | Found a transporter.
 10101 | Gauntlet | Found a transporter.
 10106 | Gauntlet | Found a transporter.
 10108 | Gauntlet | Noticed a fire crab
 10108 | Gauntlet | a cyclops changed into a fire crab
 10111 | Gauntlet | Noticed a harpy
 10111 | Gauntlet | a fire crab changed into a harpy
 10112 | Gauntlet | a harpy changed into a hornet
 10123 | Gauntlet | Found a transporter.
 10124 | Gauntlet | Noticed a queen ant
 10130 | Gauntlet | Found a transporter.
 10148 | Gauntlet | Found a transporter.
 10193 | Gauntlet | Found a transporter.
 10213 | Gauntlet | Found a transporter.
 10216 | Gauntlet | Noticed a tengu warrior
 10307 | Gauntlet | Found a transporter.
 10319 | Gauntlet | Found a transporter.
 10542 | Gauntlet | Noticed an unseen horror
 10549 | Gauntlet | an unseen horror changed into a meliai
 10625 | Gauntlet | Noticed a lindwurm
 10632 | Gauntlet | a lindwurm changed into a moth of wrath
 10815 | Gauntlet | Gained mutation: You sometimes gain power by taking damage.
                  | [demonic ancestry]
 10815 | Gauntlet | Reached XP level 12. HP: 84/88 MP: 19/19
 10853 | Gauntlet | Killed a queen ant
 10853 | Gauntlet | Reached skill level 10 in Invocations
 11164 | Gauntlet | Identified the ring "Kauzas" {*Tele rPois Dex+2}
 11164 | Gauntlet | Noticed a minotaur
 11182 | Gauntlet | Killed a minotaur
 11354 | D:11     | Killed a death yak
 11354 | D:11     | Reached skill level 9 in Shields
 11381 | D:11     | Killed a death yak
 11396 | D:11     | Killed a death yak
 11408 | D:11     | Killed a death yak
 11418 | D:11     | Killed a death yak
 11434 | D:11     | Killed a death yak
 11489 | D:11     | Found a staircase to the Lair.
 11555 | D:11     | Reached skill level 10 in Shields
 11765 | D:11     | Noticed a tengu warrior
 11769 | D:11     | Found a runed translucent door.
 11769 | D:11     | Noticed a two-headed ogre
 11776 | D:11     | Noticed a yaktaur captain
 11784 | D:11     | Killed a tengu warrior
 11785 | D:11     | Found a runed translucent door.
 11785 | D:11     | Noticed a six-headed hydra
 11794 | D:11     | Found a runed translucent door.
 11795 | D:11     | Noticed a catoblepas
 11833 | D:11     | Killed a catoblepas
 12340 | D:11     | Found a staircase to the Orcish Mines.
 12512 | D:11     | Reached XP level 13. HP: 95/95 MP: 20/20
 12641 | Lair:1   | Entered Level 1 of the Lair of Beasts
 12644 | Lair:1   | Reached skill level 1 in Evocations
 13474 | Lair:2   | Reached skill level 11 in Shields
 13482 | Lair:2   | Found a staircase to the Swamp.
 13505 | Lair:2   | Reached skill level 1 in Maces & Flails
 13700 | Lair:2   | Found a staircase to the Snake Pit.
 14065 | Lair:2   | Reached ****** piety under Cheibriados
 15930 | Lair:5   | Found a staircase to the Slime Pits.
 15963 | Lair:5   | Found a viscous altar of Jiyva.
 16014 | Lair:5   | Identified a scroll of acquirement
 16017 | Lair:5   | Got a crude crystal plate armour
 16030 | Lair:5   | Identified the +0 crystal plate armour "Puoff" {+Fly SInv}
                  | (You acquired it on level 5 of the Lair of Beasts)
 16047 | Lair:5   | Noticed Kirke
 16048 | Lair:5   | Noticed a sphinx
 16049 | Lair:5   | Reached skill level 12 in Shields
 16059 | Lair:5   | Paralysed by a sphinx for 5 turns
 16091 | Lair:5   | Killed Kirke
 16091 | Lair:5   | Gained mutation: You are mostly covered in large bone
                  | plates. (SH +6) [demonic ancestry]
 16091 | Lair:5   | Reached XP level 14. HP: 53/105 MP: 21/21
 16309 | Lair:5   | Reached skill level 5 in Maces & Flails
 16478 | Lair:5   | Noticed Nessos
 16485 | Lair:5   | Killed Nessos
 16605 | Lair:5   | Noticed Urug
 16613 | Lair:5   | Killed Urug
 17043 | Lair:6   | Entered Level 6 of the Lair of Beasts
 17993 | Lair:6   | Reached skill level 10 in Armour
 18251 | D:12     | Reached skill level 13 in Shields
 18907 | D:12     | Upgraded the game from 0.23-b1-6-ga921848b48 to
                  | 0.23-b1-13-gf37ab262a9
 19171 | D:13     | Gained mutation: You regenerate a lot of health from kills.
                  | [demonic ancestry]
 19171 | D:13     | Reached XP level 15. HP: 100/113 MP: 22/22
 19643 | D:13     | Found a gate to the Vaults.
 20414 | D:15     | Entered Level 15 of the Dungeon
 20782 | D:15     | Found Hawuf's Magic Scroll Shop.
 20785 | D:15     | Bought a scroll of enchant armour for 120 gold pieces
 20971 | D:15     | Paralysed by a wizard for 6 turns
 20981 | D:15     | Reached skill level 14 in Shields
 21036 | D:15     | Found a staircase to the Depths.
 21347 | Orc:1    | Entered Level 1 of the Orcish Mines
 21597 | Orc:2    | Entered Level 2 of the Orcish Mines
 21598 | Orc:2    | Found a staircase to the Elven Halls.
 22031 | Orc:2    | Found Kietwam's Book Boutique.
 22031 | Orc:2    | Found Aneogih's Antique Weapon Shoppe.
 22088 | Orc:2    | Reached skill level 10 in Fighting
 22153 | Orc:2    | Found a roughly hewn altar of Beogh.
 22162 | Orc:2    | Found Ytiriatt's Distillery.
 22170 | Orc:2    | Reached XP level 16. HP: 84/122 MP: 23/23
 22189 | Orc:2    | Bought a potion of heal wounds for 70 gold pieces
 22189 | Orc:2    | Bought a potion of heal wounds for 70 gold pieces
 22189 | Orc:2    | Bought 2 potions of might for 112 gold pieces
 22189 | Orc:2    | Bought 2 potions of might for 112 gold pieces
 22193 | Orc:2    | Found Ewalab's Jewellery Shoppe.
 22211 | Orc:2    | Bought a +4 amulet of reflection for 270 gold pieces
 22354 | Orc:2    | Paralysed by an orc sorcerer for 6 turns
 22697 | D:11     | Reached skill level 1 in Spellcasting
 22845 | Swamp:1  | Entered Level 1 of the Swamp
 22905 | Swamp:1  | Got a crude hat
 22918 | Swamp:1  | Identified the +0 hat "Ceiqad" {*Drain rPois rCorr Str+2}
                  | (You acquired it on level 1 of the Swamp)
 23810 | Swamp:1  | Reached skill level 15 in Shields
 24105 | Swamp:2  | Found a frozen archway.
 24130 | IceCv    | Entered an ice cave
 24889 | IceCv    | Noticed an Ice Fiend
 24918 | IceCv    | Killed an Ice Fiend
 25003 | IceCv    | Got a pair of transparent gloves
 25014 | IceCv    | Identified the cursed +0 pair of gloves "Jyowores" {rF+
                  | Str+3 Int+4} (You found it in an ice cave)
 25200 | Swamp:2  | Noticed a tentacled monstrosity
 25451 | Swamp:2  | Killed a tentacled monstrosity
 25823 | Swamp:3  | Noticed a thorn hunter
 25828 | Swamp:3  | Killed a thorn hunter
 26324 | Swamp:4  | Entered Level 4 of the Swamp
 26371 | Swamp:4  | Paralysed by a hornet for 3 turns
 26541 | Swamp:4  | Noticed a thorn hunter
 26543 | Swamp:4  | Killed a thorn hunter
 26548 | Swamp:4  | Gained mutation: You have hoof-like feet. [demonic
                  | ancestry]
 26548 | Swamp:4  | Reached XP level 17. HP: 114/129 MP: 24/24
 26590 | Swamp:4  | Reached skill level 10 in Maces & Flails
 26769 | Swamp:4  | Got a decaying rune of Zot
 27122 | Snake:1  | Entered Level 1 of the Snake Pit
 27122 | Snake:1  | Found Waxty's Jewellery Boutique.
 27249 | Snake:1  | Noticed Josephine
 27260 | Snake:1  | Killed Josephine
 27269 | Snake:1  | Found Oxypruur's Weapon Emporium.
 27351 | Snake:1  | Reached skill level 16 in Shields
 27924 | Snake:2  | Noticed Vashnia
 27949 | Snake:2  | Killed Vashnia
 28189 | Snake:2  | Found Xatrulla's Armour Emporium.
 28518 | Snake:3  | Noticed Nikola
 28521 | Snake:3  | Killed from afar by Nikola

Skill      XL: |  1  2  3  4  5  6  7  8  9 10 11 12 13 14 15 16 17 |
---------------+----------------------------------------------------+-----
Shields        | 3 4 5 6 8 10 12 13 14 15 16 | 16.4
Long Blades    | 2 3 4 5 6 7 8 9 |  9.1
Armour         | 3 4 5 6 8 9 10 11 | 11.7
Dodging        | 1 2 3 4 5 6 7 8 9 |  9.5
Invocations    | 1 4 5 7 8 9 10 | 10.1
Short Blades   | 1 2 3 5 6 7 |  7.5
Fighting       | 4 5 6 8 9 10 11 | 11.1
Stealth        | 1 2 3 |  3.2
Evocations     | 1 |  1.0
Maces & Flails | 4 6 8 9 10 | 10.5
Spellcasting   | 3 4 |  4.8
Throwing       | |  0.7

Action                   |  1- 3 |  4- 6 |  7- 9 | 10-12 | 13-15 | 16-18 || total
-------------------------+-------+-------+-------+-------+-------+-------++-------
Melee: Long sword        |   146 |   100 |    44 |       |       |       ||   290
       Kick              |       |    56 |   100 |   446 |  1070 |   521 ||  2193
       Dagger            |       |    76 |   196 |   512 |   370 |       ||  1154
       Scimitar          |       |       |       |   205 |    30 |     2 ||   237
       Eveningstar       |       |       |       |     4 |  1339 |   985 ||  2328
Throw: Javelin           |     9 |     5 |       |     3 |       |       ||    17
Invok: Bend Time         |       |       |     1 |       |       |       ||     1
       Slouch            |       |       |       |     4 |     4 |     3 ||    11
Evoke: Wand              |       |       |       |     3 |     6 |     2 ||    11
  Use: Potion            |     1 |     4 |     5 |     7 |       |     1 ||    18
       Scroll            |       |     3 |    14 |    11 |    12 |    15 ||    55
 Stab: Sleeping          |       |       |       |     3 |       |       ||     3
       Paralysed         |       |       |       |     1 |       |       ||     1
       Distracted        |       |       |       |     2 |       |     2 ||     4
       Petrified         |       |       |       |       |     6 |       ||     6
       Confused          |       |       |       |       |       |     3 ||     3
  Eat: Chunk             |     4 |     4 |     3 |    17 |    28 |     3 ||    59
       Ration            |       |     1 |     1 |     1 |       |     1 ||     4
Armor: Scale mail        |    65 |    58 |       |       |       |       ||   123
       Ring mail         |       |       |    64 |   122 |       |       ||   186
       Skin              |       |       |     7 |       |       |       ||     7
       Crystal plate arm |       |       |       |    85 |   778 |   352 ||  1215
Dodge: Dodged            |    39 |    55 |   104 |   291 |   454 |   279 ||  1222
Block: Shield            |    55 |    62 |       |       |       |       ||   117
       Buckler           |       |    10 |    64 |   101 |       |       ||   175
       Large shield      |       |       |       |   495 |  2883 |  1904 ||  5282
       Reflection        |       |       |       |       |       |   134 ||   134
       Rpst.: Long sword |    16 |    11 |     5 |       |       |       ||    32
       Scimitar          |       |       |       |    23 |     1 |       ||    24
